 Dungeon Crawl Stone Soup version 0.20-a0-672-gd6c3c51 (webtiles) character file.

103 Chiseanne the Ducker (level 4, -8/23 HPs)
             Began as a Spriggan Gladiator on Feb 17, 2017.
             Mangled by a gnoll
             ... wielding a +0 halberd
              (13 damage)
             ... on level 3 of the Dungeon.
             The game lasted 00:03:30 (2239 turns).

Chiseanne the Ducker (Spriggan Gladiator)           Turns: 2239, Time: 00:03:31

Health: -8/23      AC:  3    Str: 10    XL:     4   Next: 51%
Magic:  7/7        EV: 22    Int:  9    God:
Gold:   90         SH:  0    Dex: 18    Spells: 3/5 levels left

rFire    . . .     SeeInvis +   a - +1 long sword
rCold    . . .     Gourm    .   j - +1 robe {Archmagi}
rNeg     . . .     Faith    .   (shield restricted)
rPois    .         Spirit   .   c - +0 hat
rElec    .         Reflect  .   (no cloak)
rCorr    .         Harm     .   (gloves unavailable)
MR       .....                  (boots unavailable)
Stlth    ++........             (no amulet)
Regen    0.1/turn               (no ring)
MPRegen  0.1/turn               (no ring)

@: very quick
A: unfitting armour, see invisible, herbivore 3, speed 3, slow metabolism 2
a: no special abilities


You were on level 3 of the Dungeon.
You were not hungry.

You visited 1 branch of the dungeon, and saw 3 of its levels.

You collected 90 gold pieces.

Inventory:

Hand Weapons
 a - a +1 long sword (weapon)
 l - a +0 hunting sling
Missiles
 b - 59 bolts
 d - 3 throwing nets (quivered)
 e - 69 arrows
 g - 75 stones
 h - 2 tomahawks
Armour
 c - a +0 hat (worn)
 j - a +1 robe of the Archmagi (worn)
Wands
 m - a wand of iceblast (9/15)
Potions
 i - 3 potions of heal wounds
 n - a potion of brilliance {unknown}
 o - a potion of berserk rage {unknown}
 q - a potion of might {unknown}
 r - a potion of mutation {unknown}
Books
 p - a book of Minor Magic

   Spells                             Type                      Level
   a - Magic Dart                     Conjuration                  1
   b - Blink                          Translocation                2
   c - Call Imp                       Summoning                    2
   d - Slow                           Hexes                        2
   e - Conjure Flame                  Conjuration/Fire             3
   f - Mephitic Cloud                 Conjuration/Poison/Air       3
Comestibles
 f - a bread ration
 k - 5 fruits


   Skills:
 - Level 2.6 Fighting
 - Level 2.4 Long Blades
 - Level 2.0 Throwing
 - Level 5.9 Dodging
 + Level 1.4 Spellcasting
 + Level 1.9 Translocations


You had 3 spell levels left.
You knew the following spells:

 Your Spells              Type           Power        Failure   Level  Hunger
a - Blink                 Tloc           N/A          28%         2    ###....


Dungeon Overview and Level Annotations

Branches:
Dungeon (3/15)

Altars:
Makhleb

Annotations:
D:3 Ijyb


Innate Abilities, Weirdness & Mutations

You are very small and have problems with some larger weapons.
You are too small for most types of armour.
You have supernaturally acute eyesight. (SInv)
You are a herbivore.
You cover ground extremely quickly.
You need consume almost no food.


Message History

You kill the orc!
Things that are here:
a club; a chain mail; a kobold corpse
There is a stone staircase leading down here.
Okay, then.
You climb downwards.
Level annotation: Ijyb The gnoll closely misses you.
Ijyb completely misses you.
You riposte.
You closely miss Ijyb. The gnoll hits you with a club.
The orc hits you with a dagger.
The gnoll hits you from afar with a halberd.
Ijyb misses you.
There is a stone staircase leading up, spattered with blood here.
The orc hits you but does no damage.
The gnoll shaman calls upon its god to speed up the gnoll.
The gnoll seems to speed up.
The gnoll hits you with a club.
* * * LOW HITPOINT WARNING * * *
The gnoll hits you from afar with a halberd!
Ouch! That really hurt!
You die...

... .... ...# ..#
#.. ###.##...
#.###..........
#.....#.........
#####.o.g.....♣....
#......@###..♣.♣..
#.###.g.....♣._.♣
#..g.....♣.♣...
#.g.......♣....
##......†.......
#.........#####l
##.........#
#.g######.## #.##
#.#


You could see Ijyb, a gnoll shaman, 3 gnolls and an orc.

Vanquished Creatures
  A hound (D:2)
  3 adders (D:2)
  An ooze (D:1)
  A worm (D:2)
  A leopard gecko (D:2)
  An orc (D:2)
  A giant cockroach (D:2)
  A goblin (D:2)
  9 hobgoblins
  A quokka (D:2)
  6 bats
  3 frilled lizards
  6 kobolds
  6 rats
41 creatures vanquished.

Notes
Turn   | Place    | Note
-------+----------+-------------------------------------------
     0 | D:1      | Chiseanne the Spriggan Gladiator began the quest for the Orb.
     0 | D:1      | Reached XP level 1. HP: 10/10 MP: 2/2
   246 | D:1      | Reached XP level 2. HP: 10/15 MP: 3/3
   610 | D:1      | Reached skill level 5 in Dodging
   871 | D:2      | Found a burning altar of Makhleb.
   879 | D:2      | Reached XP level 3. HP: 17/19 MP: 4/4
  1059 | D:2      | Learned a level 2 spell: Blink
  1213 | D:2      | Reached XP level 4. HP: 23/23 MP: 5/5
  1448 | D:2      | Reached skill level 1 in Translocations
  1614 | D:2      | Reached skill level 1 in Spellcasting
  2104 | D:3      | Found a faded altar of an unknown god.
  2114 | D:3      | Noticed Ijyb
  2239 | D:3      | Mangled by a gnoll

Vault maps used:
D:1:      dpeg_arrival_arbitrary_a, minmay_tree_intersection
D:2:      makhleb_blood_cavern_becter, kennysheep_potato
D:3:      chequers_ecumenical_altar_simple_redux, first_bread, uniq_iyjb,
          uniq_crazy_yiuf_cottage

Skill      XL: |  1  2  3  4 |
---------------+-------------+-----
Fighting       | 2 |  2.6
Dodging        | 5 |  5.9
Translocations | 1 |  1.9
Spellcasting   | 1 |  1.4
Long Blades    | |  2.4
Throwing       | |  2.0

Action                   |  1- 3 |  4- 6 || total
-------------------------+-------+-------++-------
Melee: Long sword        |    61 |    43 ||   104
  Use: Scroll            |     4 |     4 ||     8
 Stab: Sleeping          |     1 |     1 ||     2
Armor: Robe              |     8 |     3 ||    11
Dodge: Dodged            |    61 |    53 ||   114
       Rpst.: Long sword |    19 |    16 ||    35
